Workbook

Sheet Dashboard
B1: Dashboard | H1: rowsandcells.com
B2: Monthly numbers in, a KPI dashboard out. | H2: Free template
B5: Metric | C5: This month | D5: Last month | E5: Change | F5: % change | G5: Monthly target | H5: Aim | I5: % of target | J5: Status
B6: Month shown | C6: =DATE(2026,9,1) -> 46266 | D6: =DATE(YEAR(C6),MONTH(C6)-1,1) -> 46235
B7: Revenue | C7: =IFERROR(VLOOKUP($C$6,'Monthly Data'!$B$6:$K$17,2,FALSE),"") -> 23900 | D7: =IFERROR(VLOOKUP($D$6,'Monthly Data'!$B$6:$K$17,2,FALSE),"") -> 24800 | E7: =IF(AND(ISNUMBER(C7),ISNUMBER(D7)),C7-D7,"") -> -900 | F7: =IF(AND(ISNUMBER(C7),ISNUMBER(D7)),IF(D7=0,"",C7/D7-1),"") -> -0.036290323 | G7: =24000 -> 24000 | H7: Higher | I7: =IF(AND(ISNUMBER(C7),ISNUMBER(G7)),IF(G7=0,"",C7/G7),"") -> 0.99583333 | J7: =IF(AND(ISNUMBER(C7),ISNUMBER(G7)),IF(H7="Lower",IF(C7<=G7,"On target","Behind"),IF(C7>=G7,"On target","Behind")),"") -> Behind
B8: Expenses | C8: =IFERROR(VLOOKUP($C$6,'Monthly Data'!$B$6:$K$17,3,FALSE),"") -> 17900 | D8: =IFERROR(VLOOKUP($D$6,'Monthly Data'!$B$6:$K$17,3,FALSE),"") -> 17600 | E8: =IF(AND(ISNUMBER(C8),ISNUMBER(D8)),C8-D8,"") -> 300 | F8: =IF(AND(ISNUMBER(C8),ISNUMBER(D8)),IF(D8=0,"",C8/D8-1),"") -> 0.017045455 | G8: =18000 -> 18000 | H8: Lower | I8: =IF(AND(ISNUMBER(C8),ISNUMBER(G8)),IF(G8=0,"",C8/G8),"") -> 0.99444444 | J8: =IF(AND(ISNUMBER(C8),ISNUMBER(G8)),IF(H8="Lower",IF(C8<=G8,"On target","Behind"),IF(C8>=G8,"On target","Behind")),"") -> On target
B9: Profit | C9: =IFERROR(VLOOKUP($C$6,'Monthly Data'!$B$6:$K$17,4,FALSE),"") -> 6000 | D9: =IFERROR(VLOOKUP($D$6,'Monthly Data'!$B$6:$K$17,4,FALSE),"") -> 7200 | E9: =IF(AND(ISNUMBER(C9),ISNUMBER(D9)),C9-D9,"") -> -1200 | F9: =IF(AND(ISNUMBER(C9),ISNUMBER(D9)),IF(D9=0,"",C9/D9-1),"") -> -0.16666667 | G9: =6500 -> 6500 | H9: Higher | I9: =IF(AND(ISNUMBER(C9),ISNUMBER(G9)),IF(G9=0,"",C9/G9),"") -> 0.92307692 | J9: =IF(AND(ISNUMBER(C9),ISNUMBER(G9)),IF(H9="Lower",IF(C9<=G9,"On target","Behind"),IF(C9>=G9,"On target","Behind")),"") -> Behind
B10: Profit margin | C10: =IFERROR(VLOOKUP($C$6,'Monthly Data'!$B$6:$K$17,5,FALSE),"") -> 0.25104603 | D10: =IFERROR(VLOOKUP($D$6,'Monthly Data'!$B$6:$K$17,5,FALSE),"") -> 0.29032258 | E10: =IF(AND(ISNUMBER(C10),ISNUMBER(D10)),C10-D10,"") -> -0.039276556 | F10: =IF(AND(ISNUMBER(C10),ISNUMBER(D10)),IF(D10=0,"",C10/D10-1),"") -> -0.13528591 | G10: =0.25 -> 0.25 | H10: Higher | I10: =IF(AND(ISNUMBER(C10),ISNUMBER(G10)),IF(G10=0,"",C10/G10),"") -> 1.0041841 | J10: =IF(AND(ISNUMBER(C10),ISNUMBER(G10)),IF(H10="Lower",IF(C10<=G10,"On target","Behind"),IF(C10>=G10,"On target","Behind")),"") -> On target
B11: Customers | C11: =IFERROR(VLOOKUP($C$6,'Monthly Data'!$B$6:$K$17,6,FALSE),"") -> 392 | D11: =IFERROR(VLOOKUP($D$6,'Monthly Data'!$B$6:$K$17,6,FALSE),"") -> 401 | E11: =IF(AND(ISNUMBER(C11),ISNUMBER(D11)),C11-D11,"") -> -9 | F11: =IF(AND(ISNUMBER(C11),ISNUMBER(D11)),IF(D11=0,"",C11/D11-1),"") -> -0.02244389 | G11: =380 -> 380 | H11: Higher | I11: =IF(AND(ISNUMBER(C11),ISNUMBER(G11)),IF(G11=0,"",C11/G11),"") -> 1.0315789 | J11: =IF(AND(ISNUMBER(C11),ISNUMBER(G11)),IF(H11="Lower",IF(C11<=G11,"On target","Behind"),IF(C11>=G11,"On target","Behind")),"") -> On target
B12: New customers | C12: =IFERROR(VLOOKUP($C$6,'Monthly Data'!$B$6:$K$17,7,FALSE),"") -> 58 | D12: =IFERROR(VLOOKUP($D$6,'Monthly Data'!$B$6:$K$17,7,FALSE),"") -> 72 | E12: =IF(AND(ISNUMBER(C12),ISNUMBER(D12)),C12-D12,"") -> -14 | F12: =IF(AND(ISNUMBER(C12),ISNUMBER(D12)),IF(D12=0,"",C12/D12-1),"") -> -0.19444444 | G12: =60 -> 60 | H12: Higher | I12: =IF(AND(ISNUMBER(C12),ISNUMBER(G12)),IF(G12=0,"",C12/G12),"") -> 0.96666667 | J12: =IF(AND(ISNUMBER(C12),ISNUMBER(G12)),IF(H12="Lower",IF(C12<=G12,"On target","Behind"),IF(C12>=G12,"On target","Behind")),"") -> Behind
B13: Orders | C13: =IFERROR(VLOOKUP($C$6,'Monthly Data'!$B$6:$K$17,8,FALSE),"") -> 514 | D13: =IFERROR(VLOOKUP($D$6,'Monthly Data'!$B$6:$K$17,8,FALSE),"") -> 529 | E13: =IF(AND(ISNUMBER(C13),ISNUMBER(D13)),C13-D13,"") -> -15 | F13: =IF(AND(ISNUMBER(C13),ISNUMBER(D13)),IF(D13=0,"",C13/D13-1),"") -> -0.028355388 | G13: =500 -> 500 | H13: Higher | I13: =IF(AND(ISNUMBER(C13),ISNUMBER(G13)),IF(G13=0,"",C13/G13),"") -> 1.028 | J13: =IF(AND(ISNUMBER(C13),ISNUMBER(G13)),IF(H13="Lower",IF(C13<=G13,"On target","Behind"),IF(C13>=G13,"On target","Behind")),"") -> On target
B14: Average order | C14: =IFERROR(VLOOKUP($C$6,'Monthly Data'!$B$6:$K$17,9,FALSE),"") -> 46.498054 | D14: =IFERROR(VLOOKUP($D$6,'Monthly Data'!$B$6:$K$17,9,FALSE),"") -> 46.880907 | E14: =IF(AND(ISNUMBER(C14),ISNUMBER(D14)),C14-D14,"") -> -0.3828529 | F14: =IF(AND(ISNUMBER(C14),ISNUMBER(D14)),IF(D14=0,"",C14/D14-1),"") -> -0.0081664993 | G14: =45 -> 45 | H14: Higher | I14: =IF(AND(ISNUMBER(C14),ISNUMBER(G14)),IF(G14=0,"",C14/G14),"") -> 1.0332901 | J14: =IF(AND(ISNUMBER(C14),ISNUMBER(G14)),IF(H14="Lower",IF(C14<=G14,"On target","Behind"),IF(C14>=G14,"On target","Behind")),"") -> On target

Sheet Monthly Data
B1: Monthly Data | I1: rowsandcells.com
B2: Type in the cream cells. Shaded cells are formulas and fill in on their own. | I2: Free template
B5: Month | C5: Revenue | D5: Expenses | E5: Profit | F5: Profit margin | G5: Customers | H5: New customers | I5: Orders | J5: Average order | K5: Notes
B6: =DATE(2026,1,1) -> 46023 | C6: 18400 | D6: 14100 | E6: =IF(ISNUMBER(C6),C6-D6,"") -> 4300 | F6: =IF(AND(ISNUMBER(C6),C6>0),(C6-D6)/C6,"") -> 0.23369565 | G6: 312 | H6: 48 | I6: 405 | J6: =IF(AND(ISNUMBER(C6),ISNUMBER(I6)),IF(I6>0,C6/I6,""),"") -> 45.432099 | K6: New year sale
B7: =DATE(2026,2,1) -> 46054 | C7: 17200 | D7: 13600 | E7: =IF(ISNUMBER(C7),C7-D7,"") -> 3600 | F7: =IF(AND(ISNUMBER(C7),C7>0),(C7-D7)/C7,"") -> 0.20930233 | G7: 298 | H7: 41 | I7: 381 | J7: =IF(AND(ISNUMBER(C7),ISNUMBER(I7)),IF(I7>0,C7/I7,""),"") -> 45.144357
B8: =DATE(2026,3,1) -> 46082 | C8: 19800 | D8: 14900 | E8: =IF(ISNUMBER(C8),C8-D8,"") -> 4900 | F8: =IF(AND(ISNUMBER(C8),C8>0),(C8-D8)/C8,"") -> 0.24747475 | G8: 335 | H8: 57 | I8: 438 | J8: =IF(AND(ISNUMBER(C8),ISNUMBER(I8)),IF(I8>0,C8/I8,""),"") -> 45.205479 | K8: Spring catalog out
B9: =DATE(2026,4,1) -> 46113 | C9: 21300 | D9: 15700 | E9: =IF(ISNUMBER(C9),C9-D9,"") -> 5600 | F9: =IF(AND(ISNUMBER(C9),C9>0),(C9-D9)/C9,"") -> 0.2629108 | G9: 352 | H9: 62 | I9: 466 | J9: =IF(AND(ISNUMBER(C9),ISNUMBER(I9)),IF(I9>0,C9/I9,""),"") -> 45.708155
B10: =DATE(2026,5,1) -> 46143 | C10: 22900 | D10: 16300 | E10: =IF(ISNUMBER(C10),C10-D10,"") -> 6600 | F10: =IF(AND(ISNUMBER(C10),C10>0),(C10-D10)/C10,"") -> 0.28820961 | G10: 371 | H10: 66 | I10: 492 | J10: =IF(AND(ISNUMBER(C10),ISNUMBER(I10)),IF(I10>0,C10/I10,""),"") -> 46.544715 | K10: Mother's Day
B11: =DATE(2026,6,1) -> 46174 | C11: 21700 | D11: 15900 | E11: =IF(ISNUMBER(C11),C11-D11,"") -> 5800 | F11: =IF(AND(ISNUMBER(C11),C11>0),(C11-D11)/C11,"") -> 0.26728111 | G11: 360 | H11: 55 | I11: 471 | J11: =IF(AND(ISNUMBER(C11),ISNUMBER(I11)),IF(I11>0,C11/I11,""),"") -> 46.072187
B12: =DATE(2026,7,1) -> 46204 | C12: 23400 | D12: 16800 | E12: =IF(ISNUMBER(C12),C12-D12,"") -> 6600 | F12: =IF(AND(ISNUMBER(C12),C12>0),(C12-D12)/C12,"") -> 0.28205128 | G12: 384 | H12: 69 | I12: 505 | J12: =IF(AND(ISNUMBER(C12),ISNUMBER(I12)),IF(I12>0,C12/I12,""),"") -> 46.336634 | K12: Summer promo
B13: =DATE(2026,8,1) -> 46235 | C13: 24800 | D13: 17600 | E13: =IF(ISNUMBER(C13),C13-D13,"") -> 7200 | F13: =IF(AND(ISNUMBER(C13),C13>0),(C13-D13)/C13,"") -> 0.29032258 | G13: 401 | H13: 72 | I13: 529 | J13: =IF(AND(ISNUMBER(C13),ISNUMBER(I13)),IF(I13>0,C13/I13,""),"") -> 46.880907 | K13: Back to school
B14: =DATE(2026,9,1) -> 46266 | C14: 23900 | D14: 17900 | E14: =IF(ISNUMBER(C14),C14-D14,"") -> 6000 | F14: =IF(AND(ISNUMBER(C14),C14>0),(C14-D14)/C14,"") -> 0.25104603 | G14: 392 | H14: 58 | I14: 514 | J14: =IF(AND(ISNUMBER(C14),ISNUMBER(I14)),IF(I14>0,C14/I14,""),"") -> 46.498054 | K14: Raised shipping price
B15: =DATE(2026,10,1) -> 46296 | E15: =IF(ISNUMBER(C15),C15-D15,"") | F15: =IF(AND(ISNUMBER(C15),C15>0),(C15-D15)/C15,"") | J15: =IF(AND(ISNUMBER(C15),ISNUMBER(I15)),IF(I15>0,C15/I15,""),"")
B16: =DATE(2026,11,1) -> 46327 | E16: =IF(ISNUMBER(C16),C16-D16,"") | F16: =IF(AND(ISNUMBER(C16),C16>0),(C16-D16)/C16,"") | J16: =IF(AND(ISNUMBER(C16),ISNUMBER(I16)),IF(I16>0,C16/I16,""),"")
B17: =DATE(2026,12,1) -> 46357 | E17: =IF(ISNUMBER(C17),C17-D17,"") | F17: =IF(AND(ISNUMBER(C17),C17>0),(C17-D17)/C17,"") | J17: =IF(AND(ISNUMBER(C17),ISNUMBER(I17)),IF(I17>0,C17/I17,""),"")

Sheet Year to Date
B1: Year to Date | E1: rowsandcells.com
B2: Worked out from your other tabs. Shaded cells are formulas: nothing to type here. | E2: Free template
B5: Metric | C5: Year to date | D5: Monthly average | E5: Highest month | F5: Lowest month | G5: Months entered
B6: Revenue | C6: =SUM('Monthly Data'!C6:C17) -> 193400 | D6: =IF(COUNT('Monthly Data'!C6:C17)=0,"",SUM('Monthly Data'!C6:C17)/COUNT('Monthly Data'!C6:C17)) -> 21488.889 | E6: =MAX('Monthly Data'!C6:C17) -> 24800 | F6: =MIN('Monthly Data'!C6:C17) -> 17200 | G6: =COUNT('Monthly Data'!C6:C17) -> 9
B7: Expenses | C7: =SUM('Monthly Data'!D6:D17) -> 142800 | D7: =IF(COUNT('Monthly Data'!D6:D17)=0,"",SUM('Monthly Data'!D6:D17)/COUNT('Monthly Data'!D6:D17)) -> 15866.667 | E7: =MAX('Monthly Data'!D6:D17) -> 17900 | F7: =MIN('Monthly Data'!D6:D17) -> 13600 | G7: =COUNT('Monthly Data'!D6:D17) -> 9
B8: Profit | C8: =SUM('Monthly Data'!E6:E17) -> 50600 | D8: =IF(COUNT('Monthly Data'!E6:E17)=0,"",SUM('Monthly Data'!E6:E17)/COUNT('Monthly Data'!E6:E17)) -> 5622.2222 | E8: =MAX('Monthly Data'!E6:E17) -> 7200 | F8: =MIN('Monthly Data'!E6:E17) -> 3600 | G8: =COUNT('Monthly Data'!E6:E17) -> 9
B9: Profit margin | C9: =IF(N(C6)=0,"",C8/C6) -> 0.26163392 | D9: =IF(COUNT('Monthly Data'!F6:F17)=0,"",SUM('Monthly Data'!F6:F17)/COUNT('Monthly Data'!F6:F17)) -> 0.25914379 | E9: =MAX('Monthly Data'!F6:F17) -> 0.29032258 | F9: =MIN('Monthly Data'!F6:F17) -> 0.20930233 | G9: =COUNT('Monthly Data'!F6:F17) -> 9
B10: Customers | D10: =IF(COUNT('Monthly Data'!G6:G17)=0,"",SUM('Monthly Data'!G6:G17)/COUNT('Monthly Data'!G6:G17)) -> 356.11111 | E10: =MAX('Monthly Data'!G6:G17) -> 401 | F10: =MIN('Monthly Data'!G6:G17) -> 298 | G10: =COUNT('Monthly Data'!G6:G17) -> 9
B11: New customers | C11: =SUM('Monthly Data'!H6:H17) -> 528 | D11: =IF(COUNT('Monthly Data'!H6:H17)=0,"",SUM('Monthly Data'!H6:H17)/COUNT('Monthly Data'!H6:H17)) -> 58.666667 | E11: =MAX('Monthly Data'!H6:H17) -> 72 | F11: =MIN('Monthly Data'!H6:H17) -> 41 | G11: =COUNT('Monthly Data'!H6:H17) -> 9
B12: Orders | C12: =SUM('Monthly Data'!I6:I17) -> 4201 | D12: =IF(COUNT('Monthly Data'!I6:I17)=0,"",SUM('Monthly Data'!I6:I17)/COUNT('Monthly Data'!I6:I17)) -> 466.77778 | E12: =MAX('Monthly Data'!I6:I17) -> 529 | F12: =MIN('Monthly Data'!I6:I17) -> 381 | G12: =COUNT('Monthly Data'!I6:I17) -> 9
B13: Average order | C13: =IF(N(C12)=0,"",C6/C12) -> 46.036658 | D13: =IF(COUNT('Monthly Data'!J6:J17)=0,"",SUM('Monthly Data'!J6:J17)/COUNT('Monthly Data'!J6:J17)) -> 45.980287 | E13: =MAX('Monthly Data'!J6:J17) -> 46.880907 | F13: =MIN('Monthly Data'!J6:J17) -> 45.144357 | G13: =COUNT('Monthly Data'!J6:J17) -> 9
